 Dungeon Crawl Stone Soup version 0.23-a0-642-g3120c2f5a9 (webtiles) character file.

156 HereIgoKillingAgain the Changer (level 5, -4/37 HPs)
             Began as a Demonspawn Transmuter on Dec 31, 2018.
             Splashed by a jelly's acid (11 damage)
             ... on level 2 of the Dungeon.
             The game lasted 00:02:38 (2389 turns).

HereIgoKillingAgain the Changer (DsTm)              Turns: 2389, Time: 00:02:39

Health: -4/37      AC: -2    Str:  8 (11) XL:     5   Next: 14%
Magic:  17/17      EV:  7    Int: 18 (19) God:
Gold:   53         SH:  4    Dex:  9 (13) Spells: 2/8 levels left

rFire    + + .     SeeInvis .     - Unarmed
rCold    x . .     Gourm    .   (no shield)
rNeg     . . .     Faith    .   e - +0 fire dragon scales
rPois    .         Spirit   .   (helmet restricted)
rElec    .         Reflect  .   (no cloak)
rCorr    .         Harm     .   k - +0 pair of gloves
MR       .....                  (no boots)
Stlth    ..........             (no amulet)
HPRegen  0.12/turn              i - ring of magical power
MPRegen  0.15/turn              (no ring)

@: corroded
A: horns 1, talons 1, large bone plates 1, clever 2
a: no special abilities


You were on level 2 of the Dungeon.
You were hungry.

You visited 1 branch of the dungeon, and saw 2 of its levels.

You collected 53 gold pieces.

Inventory:

Missiles
 a - 30 arrows
 j - a throwing net (quivered)
Armour
 b - a +0 robe
 e - +0 fire dragon scales (worn)
 k - a +0 pair of gloves (worn)
Jewellery
 i - a ring of magical power (left hand)
Scrolls
 c - 3 scrolls of noise {unknown}
 f - a scroll of teleportation {unknown}
 g - a scroll of identify {unknown}
 h - a scroll of random uselessness {unknown}
 m - 2 scrolls of magic mapping {unknown}
Comestibles
 d - 3 rations


   Skills:
 - Level 1.0 Fighting
 + Level 1.1 Armour
 - Level 1.7 Dodging
 + Level 3.5 Unarmed Combat
 + Level 2.4 Spellcasting
 * Level 3.7 Transmutations


You had 2 spell levels left.
You knew the following spells:

 Your Spells              Type           Power        Failure   Level  Hunger
a - Beastly Appendage     Tmut           ###...       52%         1    #......
b - Sticks to Snakes      Tmut           ###.....     65%         2    ##.....
c - Spider Form           Tmut/Pois      #.........   98%         3    ###....

Your spell library contained the following spells:

 Spells                   Type           Power        Failure   Level  Hunger
 Ice Form                 Ice/Tmut       #.......     100%        4    #####..
 Blade Hands              Tmut           ###.......   100%        5    ######.


Dungeon Overview and Level Annotations

Branches:
Dungeon (2/15)

Altars:
Elyvilon


Innate Abilities, Weirdness & Mutations

You have a pair of small horns on your head.
You are partially covered in large bone plates. (SH +4)
You have sharp toenails.
Your mind is very acute. (Int +4)


Message History

You claw the jelly, but do no damage.
The jelly is almost dead.
You block the jelly's attack.
You hit the jelly but do no damage.
Your hands burn!
The jelly is almost dead.
The jelly barely misses you.
You hit the jelly but do no damage. The acid corrodes you!
Your hands burn!
You headbutt the jelly, but do no damage.
The jelly is almost dead.
The jelly closely misses you.
You hit the jelly but do no damage.
Your hands burn!
The jelly is almost dead.
The jelly barely misses you.
You hit the jelly.
Your hands burn!
* * * LOW HITPOINT WARNING * * *
The jelly is almost dead.
The jelly hits you.
* * * LOW HITPOINT WARNING * * *
You are splashed with acid!
The acid burns!
You die...

#.......#.# ##.....## #.#
#. #.......#.# #.......#
#.# #. ##.....##.#
#.......# #.# ##
####.####.# #.......# #.# #
..........# #..(....# #.# #
#####..#### #....#### #.# #
#.## #.......######.# #.#
########(##....# #.#
##J@..((######## #.#
##'######## #.# #...J....÷#
#####.#######.P.J...^.#
...........##÷...÷....#####
######.######.....÷.P÷##..#
.......# #.P...P...###.#
#......# #.......P(#
#.####### #.####.#
########### #......†.


You could see a jelly.

Vanquished Creatures
  A quasit (D:2)
  A jelly (D:2)
  7 oozes
  4 dart slugs (D:1)
  A leopard gecko (D:1)
  A giant cockroach (D:1)
  5 goblins
  6 hobgoblins
  4 jackals (D:1)
  A ball python (D:1)
  2 bats (D:1)
  2 frilled lizards (D:1)
  15 kobolds
  5 rats
55 creatures vanquished.

Vanquished Creatures (others)
  7 fungi (D:2)
  5 toadstools (D:2)
12 creatures vanquished.

Grand Total: 67 creatures vanquished

Notes
Turn   | Place    | Note
-------+----------+-------------------------------------------
     0 | D:1      | HereIgoKillingAgain the Demonspawn Transmuter began the
                  | quest for the Orb.
     0 | D:1      | Reached XP level 1. HP: 15/15 MP: 3/3
   332 | D:1      | Gained mutation: You have a pair of small horns on your
                  | head. [demonic ancestry]
   332 | D:1      | Reached XP level 2. HP: 20/21 MP: 5/5
   547 | D:1      | Reached XP level 3. HP: 23/26 MP: 6/6
  1541 | D:2      | Gained mutation: You have sharp toenails. [potion of
                  | mutation]
  1541 | D:2      | Gained mutation: Your mind is acute. (Int +2) [potion of
                  | mutation]
  1541 | D:2      | Gained mutation: Your mind is very acute. (Int +4) [potion
                  | of mutation]
  1565 | D:2      | Gained mutation: You are partially covered in large bone
                  | plates. (SH +4) [demonic ancestry]
  1565 | D:2      | Reached XP level 4. HP: 18/32 MP: 7/7
  1667 | D:2      | Found a white marble altar of Elyvilon.
  1711 | D:2      | Reached skill level 1 in Armour
  2048 | D:2      | Learned a level 2 spell: Sticks to Snakes
  2052 | D:2      | Learned a level 3 spell: Spider Form
  2328 | D:2      | Reached XP level 5. HP: 37/37 MP: 8/8
  2389 | D:2      | Splashed by a jelly's acid

Vault maps used:
D:1:      dpeg_cavernosity
D:2:      cheibrodos_fertilizer, old_standard_altar, hangedman_decor_slide_cut

Skill      XL: |  1  2  3  4 |
---------------+-------------+-----
Transmutations | 2 3 |  3.7
Unarmed Combat | 3 |  3.5
Armour         | 1 |  1.1
Fighting       | |  1.0
Dodging        | |  1.7
Spellcasting   | |  2.4

Action                   |  1- 3 |  4- 6 || total
-------------------------+-------+-------++-------
Melee: Unarmed           |   182 |    76 ||   258
       Headbutt          |    20 |     9 ||    29
       Punch             |     2 |     1 ||     3
       Kick              |     1 |    13 ||    14
  Use: Potion            |     2 |       ||     2
  Eat: Chunk             |     1 |       ||     1
       Ration            |       |     1 ||     1
Armor: Robe              |    11 |       ||    11
       Fire dragon scale |    61 |    70 ||   131
       Skin              |     3 |       ||     3
Dodge: Dodged            |    96 |    62 ||   158
Block: Other             |       |    20 ||    20

Table legend:
 A = Non-vault XP
 B = Vault XP
 C = Vault XP percentage of total XP
 D = Non-vault monster count
 E = Vault monster count
 F = Vault count percentage of total count
                 A         B        C        D         E       F
            +---------+---------+-------+---------+---------+-------
      Total |     119 |     104 |  46.6 |      37 |      18 |  32.7
            +---------+---------+-------+---------+---------+-------
        D:1 |      62 |       5 |   7.5 |      27 |       4 |  12.9
        D:2 |      57 |      99 |  63.5 |      10 |      14 |  58.3
            +---------+---------+-------+---------+---------+-------
